 Dungeon Crawl Stone Soup version 0.29-a0-234-g0dae59b3db (webtiles) character file.

Game seed: 7873226741152885760

249 lunkers the Gusty (level 6, -2/32 HPs)
             Began as a Tengu Air Elementalist on Mar 2, 2022.
             Slain by a water moccasin zombie (7 damage)
             ... in an ossuary.
             The game lasted 00:08:26 (4496 turns).

lunkers the Gusty (Tengu Air Elementalist)          Turns: 4496, Time: 00:08:27

Health: -2/32      AC:  4    Str:  8    XL:     6   Next: 12%
Magic:  1/12       EV: 14    Int: 23    God:
Gold:   190        SH:  0    Dex: 15    Spells: 2/12 levels left

rFire   . . .      SeeInvis .   v - +0 short sword (chaos)
rCold   . . .      Faith    .   (no shield)
rNeg    . . .      Spirit   .   a - +0 robe
rPois   +          Reflect  .   (helmet restricted)
rElec   .          Harm     .   b - +1 cloak
rCorr   .          Rampage  .   (no gloves)
Will    .....                   (boots unavailable)
Stlth   ++........              (no amulet)
HPRegen 0.10/turn               d - +6 ring of intelligence
MPRegen 0.13/turn               x - ring of poison resistance

@: flying quickly and evasively, quick
A: beak, talons 3, nimble flight
a: no special abilities


You were in an ossuary.
You visited 1 branch of the dungeon, and saw 4 of its levels.
You also visited: Ossuary.

You collected 190 gold pieces.

Inventory:

Hand Weapons
 v - a +0 short sword of chaos (weapon)
Armour
 a - a +0 robe (worn)
 b - a +1 cloak (worn)
Jewellery
 d - a +6 ring of intelligence (left hand)
 o - a +6 ring of strength
 x - a ring of poison resistance (right hand)
Wands
 n - a wand of digging (10)
Scrolls
 g - a scroll of summoning {unknown}
 l - a scroll of teleportation
 m - 2 scrolls of fear
Potions
 c - 2 potions of might
 e - a potion of resistance
 f - 3 potions of flight
 h - a potion of cancellation {unknown}
 k - a potion of curing
 p - a potion of berserk rage {unknown}
 q - a potion of attraction {unknown}
 s - a potion of magic {unknown}
 t - 2 potions of heal wounds {unknown}
 u - 3 potions of lignification {unknown}


   Skills:
 - Level 2.1 Dodging
 - Level 2.0 Stealth
 + Level 3.6 Spellcasting
 - Level 1.3 Conjurations
 * Level 7.5 Air Magic


You had 2 spell levels left.
You knew the following spells:

 Your Spells              Type           Power      Damage    Failure   Level
a - Airstrike             Air            19%        N/A       4%          4
b - Swiftness             Air            39%        N/A       1%          3
c - Static Discharge      Conj/Air       24%        N/A       2%          2
d - Shock                 Conj/Air       96%        1d9       1%          1

Your spell library contained the following spells:

 Spells                   Type           Power      Damage    Failure   Level


Dungeon Overview and Level Annotations

Branches:
Dungeon (4/15)            Ossuary (1/1)
 Temple: D:4-7

Altars:


Innate Abilities, Weirdness & Mutations

You have a beak for a mouth.
You have claws for feet.
Your magical nature lets you fly swiftly and evasively.


Message History

The water moccasin zombie is struck by an arc of lightning.
The water moccasin zombie is heavily damaged.
The adder zombie is struck by an arc of lightning.
You destroy the adder zombie!
The water moccasin zombie is struck by an arc of lightning!
The water moccasin zombie is moderately damaged.
The lightning grounds out.
* * * LOW MAGIC WARNING * * *
The water moccasin zombie barely misses you.
The water moccasin zombie bites you.
* * * LOW HITPOINT WARNING * * *
Unknown command.
Casting: Static Discharge (safe; 2% risk of failure)
Confirm with . or Enter, or press ? or * to list all spells.
The water moccasin zombie is struck by an arc of lightning!
The water moccasin zombie is severely damaged.
The hobgoblin zombie is struck by an arc of lightning.
You destroy the hobgoblin zombie!
The water moccasin zombie is struck by an arc of lightning.
The water moccasin zombie is almost destroyed.
The lightning grounds out.
* * * LOW MAGIC WARNING * * *
The water moccasin zombie bites you.
* * * LOW HITPOINT WARNING * * *
The water moccasin zombie barely misses you.
Unknown command.
You hit the water moccasin zombie but do no damage.
You peck the water moccasin zombie.
The water moccasin zombie is almost destroyed.
The water moccasin zombie bites you.
* * * LOW HITPOINT WARNING * * *
The water moccasin zombie closely misses you.
The water moccasin zombie bites you.
* * * LOW HITPOINT WARNING * * *
Okay, then.
You hit the water moccasin zombie. You burn the water moccasin zombie.
You claw the water moccasin zombie.
You destroy the water moccasin zombie!
The water moccasin zombie bites you!
You die...

###+# #...#
#...# #..Z#
#..@# ###'#
#...#
#...##### ###
#...#...#!??!#
#...'.∩.#!$)!+
#∩..#...#?!!?#
######### ###


You could see a water moccasin zombie.

Vanquished Creatures
  A water moccasin zombie (Ossuary)
  An orc priest (D:4)
  Ijyb (D:3)
  Jessica (D:3)
  2 iguanas (D:4)
  2 adders
  2 adder zombies (Ossuary)
  A worm (D:2)
  3 dart slugs (D:1)
  3 orcs
  10 endoplasms
  A giant cockroach (D:3)
  2 gnoll zombies
  8 goblins
  10 hobgoblins
  6 kobolds
  4 quokkas
  4 ball pythons
  6 bats
  3 frilled lizards (D:2)
  A hobgoblin zombie (Ossuary)
  2 orc zombies (Ossuary)
  6 rats
80 creatures vanquished.

Vanquished Creatures (others)
  29 plants (D:1)
29 creatures vanquished.

Grand Total: 109 creatures vanquished

Notes
Turn   | Place    | Note
-------+----------+-------------------------------------------
     0 | D:1      | lunkers the Tengu Air Elementalist began the quest for the
                  | Orb.
     0 | D:1      | Reached XP level 1. HP: 10/10 MP: 4/4
   402 | D:1      | Reached XP level 2. HP: 15/15 MP: 0/6
   542 | D:1      | Found a faded altar of an unknown god.
   907 | D:1      | Reached skill level 5 in Air Magic
   976 | D:1      | Reached XP level 3. HP: 19/19 MP: 2/7
  2725 | D:3      | Reached XP level 4. HP: 24/24 MP: 6/9
  2730 | D:3      | Noticed Jessica
  2734 | D:3      | Killed Jessica
  2735 | D:3      | Reached skill level 6 in Air Magic
  3161 | D:3      | Noticed Ijyb
  3217 | D:3      | Killed Ijyb
  3218 | D:3      | Gained mutation: Your magical nature lets you fly swiftly
                  | and evasively. [Tengu growth]
  3218 | D:3      | Reached XP level 5. HP: 12/28 MP: 0/10
  3224 | D:3      | Learned a level 3 spell: Swiftness
  3227 | D:3      | Learned a level 2 spell: Static Discharge
  3464 | D:3      | Learned a level 4 spell: Airstrike
  3987 | D:4      | Reached skill level 7 in Air Magic
  4296 | D:4      | Reached XP level 6. HP: 29/32 MP: 5/12
  4381 | D:4      | Found a sand-covered staircase.
  4466 | Ossuary  | Entered an ossuary
  4496 | Ossuary  | Slain by a water moccasin zombie

Illustrated notes

Levels and vault maps discovered:
D:1:      eino_arrival_cavern_b, layout_rooms, serial_bayou,
          serial_bayou_lagoon_b, serial_bayou_crossing, serial_bayou_pond_d,
          serial_bayou_ford_a, ebering_ecumenical_altar_hall
D:2:      layout_basic
D:3:      layout_loops_cross, uniq_ijyb, uniq_jessica
D:4:      layout_cave_pools, serial_column_ruins, column_ruins_hut_ruined,
          column_ruins_corridor_water, column_ruins_open_small,
          column_ruins_open_small, column_ruins_open_tiny, column_ruins_grid_3,
          enter_ossuary_3
Ossuary:  ossuary_tomb_2

Skill      XL: |  1  2  3  4  5 |
---------------+----------------+-----
Air Magic      | 5 6 7 |  7.5
Spellcasting   | 3 |  3.6
Dodging        | |  2.1
Stealth        | |  2.0
Conjurations   | |  1.3

Action                   |  1- 3 |  4- 6 || total
-------------------------+-------+-------++-------
Melee: Unarmed           |    10 |     9 ||    19
       Kick              |     4 |     2 ||     6
       Peck              |     1 |     2 ||     3
       Short sword       |       |    11 ||    11
 Cast: Shock             |   102 |    57 ||   159
       Static Discharge  |       |    15 ||    15
       Swiftness         |       |     1 ||     1
       Airstrike         |       |     3 ||     3
  Use: Scroll            |       |    11 ||    11
 Stab: Sleeping          |       |     1 ||     1
Armor: Robe              |     5 |     4 ||     9
       Skin              |       |     1 ||     1
Dodge: Dodged            |    11 |    37 ||    48

Table legend: (Time is in decaauts)
 A = Elapsed time spent in this place.
 B = Non-inter-level travel time spent in this place.
 C = Inter-level travel time spent in this place.
 D = Time resting spent in this place.
 E = Time spent auto-exploring this place.
 F = Levels seen in this place.
 G = Mean time per level.
                   A        B        C        D        E       F      G
               +--------+--------+--------+--------+--------+-----+--------+
         Total |   4472 |   4385 |     87 |    269 |   3618 |   5 |  894.4 |
       Dungeon |   4443 |   4356 |     87 |    269 |   3605 |   4 | 1110.8 |
       Ossuary |     29 |     29 |      0 |      0 |     13 |   1 |   29.0 |
               +--------+--------+--------+--------+--------+-----+--------+

Top non-repeatable levels by time:
     D:1: 1684 daAuts
     D:3: 1184 daAuts
     D:2: 1067 daAuts
     D:4: 506 daAuts
 Ossuary: 29 daAuts
